 Dungeon Crawl Stone Soup version 0.22.0-49-gab54619 (webtiles) character file.

533341 wongsatang the Executioner (level 24, -23/242 HPs)
             Began as a Minotaur Berserker on Sept 5, 2018.
             Was a High Priest of Trog.
             Killed from afar by an orb of fire (74 damage)
             ... with a bolt of fire
             ... on level 2 of the Realm of Zot on Sept 6, 2018.
             The game lasted 07:35:31 (60235 turns).

wongsatang the Executioner (Minotaur Berserker)    Turns: 60235, Time: 07:35:32

Health: -23/242    AC: 40    Str: 29    XL:     24   Next: 50%
Magic:  0/21       EV: 13    Int:  4    God:    Trog [*****.]
Gold:   4947       SH: 29    Dex: 16    Spells: 23/23 levels left

rFire    . . .     SeeInvis +   x - +8 mithril axe "Arga" {speed, MR+}
rCold    + . .     Gourm    .   U - +3 large shield
rNeg     + + .     Faith    .   t - +7 plate armour of Wovipo {*Contam +Blink rN+ Slay+2}
rPois    +         Spirit   +   A - +2 hat
rElec    +         Reflect  .   z - +2 cloak {MR+}
rCorr    +         Harm     .   n - +2 pair of gloves
MR       +++..                  O - -1 pair of boots of Gesameuf {rCorr Str-3 Slay+6}
Stlth    ..........             G - amulet "Pufuruur" {Spirit +Fly rN+ Dex+2 SInv}
HPRegen  0.50/turn              V - ring "Luetuala" {Ice rElec rPois Str+4 Dex-5}
MPRegen  0.17/turn              k - ring "Toodib" {rF+ AC+5 Str+3}

@: about to teleport
A: retaliatory headbutt, horns 2, agile 1, low mp 1, weak 1, no potion heal 1,
subdued magic 1
}: 3/15 runes: decaying, serpentine, silver
a: Berserk, Trog's Hand, Brothers in Arms, Renounce Religion, Evoke Blink, Evoke
Flight


You were on level 2 of the Realm of Zot.
You worshipped Trog.
Trog was extremely pleased with you.
You were hungry.

You visited 8 branches of the dungeon, and saw 43 of its levels.
You also visited: Trove.

You collected 7013 gold pieces.
You spent 2066 gold pieces at shops.

Inventory:

Hand Weapons
 x - the +8 mithril axe "Arga" (weapon) {speed, MR+}
   (You took it off a goblin on level 5 of the Dungeon)

   Attacks with this weapon are significantly faster.
   It affects your resistance to hostile enchantments.
 Y - a +3 eveningstar of crushing
Missiles
 p - 2 throwing nets (quivered)
Armour
 j - a +4 plate armour of fire resistance
 n - a +2 pair of gloves (worn)
 t - the +7 plate armour of Wovipo (worn) {*Contam +Blink rN+ Slay+2}
   (You found it on level 2 of the Depths)

   It affects your accuracy and damage with ranged weapons and melee attacks
   (+2).
   It protects you from negative energy.
   It lets you blink.
   It causes magical contamination when unequipped.
 z - a +2 cloak of magic resistance (worn)
 A - a +2 hat (worn)
 H - a +2 plate armour of poison resistance
 J - a +3 plate armour of cold resistance
 O - the -1 pair of boots of Gesameuf (worn) {rCorr Str-3 Slay+6}
   (You found it on level 5 of the Vaults)

   It affects your strength (-3).
   It affects your accuracy and damage with ranged weapons and melee attacks
   (+6).
   It provides partial protection from all sources of acid and corrosion.
 U - a +3 large shield (worn)
Jewellery
 k - the ring "Toodib" (right hand) {rF+ AC+5 Str+3}
   (You found it in a treasure trove)

   [ring of protection]

   It affects your AC (+5).
   It affects your strength (+3).
   It protects you from fire.
 C - the ring "Xaloegro" {rElec rC+ rN+ Int+2 Dex+3}
   (You found it in a treasure trove)

   [ring of protection from cold]

   It affects your intelligence (+2).
   It affects your dexterity (+3).
   It protects you from cold.
   It insulates you from electricity.
   It protects you from negative energy.
 G - the amulet "Pufuruur" (around neck) {Spirit +Fly rN+ Dex+2 SInv}
   (You acquired it on level 4 of the Lair of Beasts)

   [amulet of guardian spirit]

   It causes incoming damage to be split between your health and magic.
   It affects your dexterity (+2).
   It protects you from negative energy.
   It lets you see invisible.
   It lets you fly.
 K - the ring "Afrumm" {rElec AC+5}
   (You took it off a vault sentinel on level 5 of the Vaults)

   [ring of protection]

   It affects your AC (+5).
   It insulates you from electricity.
 L - the ring "Cuosunys" {Str+5 Int+2 SInv}
   (You found it on level 8 of the Dungeon)

   [ring of strength]

   It affects your strength (+5).
   It affects your intelligence (+2).
   It lets you see invisible.
 V - the ring "Luetuala" (left hand) {Ice rElec rPois Str+4 Dex-5}
   (You found it on level 14 of the Dungeon)

   [ring of ice]

   It enhances your ice magic.
   It affects your strength (+4).
   It affects your dexterity (-5).
   It makes you vulnerable to fire.
   It protects you from cold.
   It insulates you from electricity.
   It protects you from poison.
Wands
 g - a wand of disintegration (15)
 o - a wand of flame (139)
 r - a wand of iceblast (9)
 w - a wand of polymorph (9)
Scrolls
 e - 4 scrolls of silence
 h - 3 scrolls of brand weapon
 l - 8 scrolls of magic mapping
 q - 15 scrolls of teleportation
 y - 3 scrolls of enchant weapon
 D - 2 scrolls of fog
 F - 17 scrolls of identify
 I - 3 scrolls of blinking
 M - 2 scrolls of fear
 P - 5 scrolls of remove curse
 X - a scroll of holy word
Potions
 a - 2 potions of haste
 b - 7 potions of might
 d - 2 potions of resistance
 f - 4 potions of ambrosia
 i - 4 potions of lignification
 m - 8 potions of curing
 s - 5 potions of flight
 u - 4 potions of invisibility
 v - a potion of berserk rage
 B - 2 potions of agility
 E - 5 potions of brilliance
 N - a potion of magic
Miscellaneous
 R - 2 boxes of beasts
 S - a phial of floods
 T - a phial of floods
Comestibles
 c - 67 rations


   Skills:
 + Level 25.1 Fighting
   Level 4.2 Long Blades
 + Level 26.8(27) Axes
 + Level 7.6(19.6) Maces & Flails
 + Level 2.6 Throwing
 + Level 18.4 Armour
 + Level 7.8 Dodging
 + Level 4.0 Stealth
 + Level 24.4 Shields
 + Level 2.0 Evocations


You had 23 spell levels left.
You didn't know any spells.
Your spell library was empty.

Dungeon Overview and Level Annotations

Branches:
Dungeon (15/15)            Temple (0/1) D:4            Lair (6/6) D:11
  Swamp (4/4) Lair:3        Snake (4/4) Lair:3        Slime (0/5) Lair:6
    Orc (2/2) D:11            Elf (0/3) Orc:2        Vaults (5/5) D:14
  Crypt (0/3) Vaults:3     Depths (5/5) D:15            Zot (2/5) Depths:5

Altars:
Ashenzari
Cheibriados
Dithmenos
Gozag
Kikubaaqudgha
Nemelex Xobeh
Okawaru
Qazlal
Ru
Sif Muna
Trog
Wu Jian
Xom
Yredelemnul
Zin
Beogh
Jiyva

Shops:
D:4 (   D:9 *   D:13 *   Orc:1 =([%}   Orc:2 =[*(   Vaults:1 ***   Vaults:3 %
Depths:5 =}=

Portals:
Hell: Depths:1 Depths:2 Depths:3 Depths:4 Depths:5
Abyss: Depths:3 Depths:4
Pandemonium: Depths:3
Ziggurat: Depths:1

Annotations:
Lair:3 exclusion: 3 oklob plants
Vaults:4 exclusion: orange crystal statue


Innate Abilities, Weirdness & Mutations

You reflexively headbutt those who attack you in melee.
You have a pair of horns on your head.
You are agile. (Dex +2)
Your magical capacity is low. (-10% MP)
You are weak. (Str -2)
Potions are less effective at restoring your health.
Your spells are a little easier to cast, but a little less powerful.


Message History

The iron dragon is almost dead.
An orb of fire comes into view.
You closely miss the iron dragon.
The iron dragon is almost dead.
The iron dragon bites you but does no damage.
The iron dragon claws you but does no damage.
You block the iron dragon's attack.
The iron dragon breathes metal splinters at you.
The spray of metal splinters hits you!
The orb of fire glows bright magenta.
The bolt of fire hits you!
As you read the scroll of teleportation, it crumbles to dust.
You feel strangely unstable.
You feel the Orb delaying your translocation!
The orb of fire glows yellow.
The fireball explodes!
The fireball engulfs you!
* * * LOW HITPOINT WARNING * * *
The orb of fire glows deep purple.
The bolt of fire hits you!
You die...

#...####..###
#<†.# #...##
##...# #)†.#
#....# ##..#
#...# .>...#
##.#########...#
.#...
#..........#..#
#<#<#
#.########.#..#
.#... #.# #.#..#
.>...# ##.#
#.#..# #....#
##@.# #.#..#
#...## ##...#
#.#..#
#...####..###
#...)D*.##
##.#..### #...##
#..## #.## #..#


You could see an orb of fire and an iron dragon.

Vanquished Creatures
  An orb of fire (Zot:1)
  Frederick (Depths:3)
  A curse toe (Zot:1)
  A caustic shrike (Depths:5)
  A golden dragon (shapeshifter) (Depths:2)
  2 golden dragons (Vaults:5)
  Jory (Depths:3)
  the Enchantress (Depths:5)
  4 bone dragons (Zot:2)
  An electric golem (Zot:2)
  2 tentacled monstrosities
  A lich (Depths:2)
  6 titans
  4 quicksilver dragons
  2 quicksilver dragons (shapeshifter) (Depths:2)
  A deep elf master archer (Depths:2)
  2 acid blobs (Depths:3)
  A death cob (Zot:1)
  A sphinx (Vaults:5)
  A sphinx (shapeshifter) (Depths:2)
  3 thorn hunters (Swamp:4)
  Agnes (Snake:3)
  Kirke (D:15)
  10 storm dragons
  The ghost of XxsatanxX the Severer, an adept MiBe of Trog (Snake:2)
  3 shadow dragons
  A draconian monk (Zot:1)
  Donald (Orc:2)
  2 storm dragons (shapeshifter) (Depths:2)
  8 nagarajas
  16 fire giants
  6 tengu reavers
  10 frost giants
  3 azure jellies (Depths:3)
  Louise (D:15)
  15 vault wardens
  An iron dragon (shapeshifter) (Depths:2)
  3 draconian knights
  An orc warlord (Orc:2)
  A ghost moth (shapeshifter) (Depths:2)
  2 draconian scorchers (Zot:1)
  2 draconian shifters
  A ghoul (D:13)
  A ghost moth (Depths:2)
  3 deep elf sorcerers
  A deep elf elementalist (Depths:3)
  An iron dragon (Vaults:5)
  The ghost of Achayxed the Severer, a journeyman MiFi of Uskayaw (Lair:3)
  3 spriggan defenders (Depths:5)
  4 draconian annihilators
  13 ironheart preservers
  22 very ugly things
  2 war gargoyles (Depths:2)
  25 stone giants
  4 deep elf demonologists
  4 vampire knights
  4 black draconians
  4 deep elf annihilators
  5 green draconians
  12 white draconians
  5 red draconians
  4 purple draconians
  5 yellow draconians
  6 spark wasps
  The ghost of olmar the Blocker, a journeyman MiFi of Nemelex Xobeh (D:12)
  8 ettins
  2 deep elf death magi (Vaults:5)
  An ettin (shapeshifter) (Depths:2)
  3 death oozes (Depths:3)
  A crystal guardian (Depths:2)
  A great orb of eyes (shapeshifter) (Depths:2)
  20 yaktaur captains
  2 deep elf high priests
  2 rakshasas
  14 ogre magi
  9 fire dragons
  18 hydras
  A large abomination (Vaults:5)
  5 great orbs of eyes
  32 vault guards
  11 naga warriors
  6 ice dragons
  A juggernaut simulacrum (Depths:2)
  11 anacondas
  8 spriggan air magi
  A catoblepas (Depths:2)
  13 alligators
  11 centaur warriors
  A death knight (Vaults:4)
  35 two-headed ogres
  An orc high priest (Orc:2)
  8 deep troll earth magi
  A two-headed ogre (shapeshifter) (Vaults:5)
  5 dancing weapons
  4 tengu warriors
  A vampire mage (Depths:1)
  A shock serpent (shapeshifter) (Depths:4)
  Urug (Lair:3)
  4 spriggan berserkers
  9 deep elf knights
  8 shock serpents
  A fire crab (shapeshifter) (Depths:5)
  17 naga sharpshooters
  4 hell knights
  A shadow wraith (Vaults:3)
  11 skeletal warriors
  3 salamander mystics
  2 unseen horrors
  12 sea snakes
  3 spriggan druids
  10 swamp dragons
  9 wizards
  5 deep elf archers
  7 deep trolls
  A naga ritualist (Snake:1)
  3 shambling mangroves
  10 ironbrand convokers
  2 phantasmal warriors (Vaults:5)
  A flayed ghost (Depths:4)
  13 deep elf magi
  2 harpies (Vaults:3)
  A necromancer (Vaults:4)
  14 orc knights
  3 wolf spiders
  7 mana vipers
  39 ugly things
  A stone giant zombie (Vaults:4)
  7 orc sorcerers
  A moth of wrath (shapeshifter) (Vaults:1)
  A manticore (shapeshifter) (Vaults:5)
  7 cyclopes
  A manticore (D:13)
  A stone giant skeleton (Vaults:4)
  10 moths of wrath
  14 salamanders
  Maurice (D:9)
  7 elephants (Lair:5)
  An elephant (shapeshifter) (Vaults:5)
  4 guardian serpents
  18 vault sentinels
  27 black mambas
  A water nymph (shapeshifter) (Depths:4)
  12 naga magi
  A human zombie (Vaults:1)
  2 gargoyles
  5 komodo dragons
  3 efreet
  3 rime drakes
  40 yaktaurs
  12 spiny frogs
  13 freezing wraiths
  A harpy zombie (D:13)
  A guardian mummy (D:13)
  2 yaktaur skeletons (Vaults:1)
  2 tengu conjurers
  3 trolls
  A tyrant leech (shapeshifter) (Depths:2)
  3 meliai (D:12)
  A queen bee (D:12)
  4 tyrant leeches
  4 wind drakes (shapeshifter)
  24 hornets
  13 hippogriffs
  3 polar bears (Lair:6)
  32 slime creatures
  7 bog bodies
  A meliai zombie (D:13)
  12 dream sheep (Lair:6)
  A slime creature (shapeshifter) (Zot:2)
  2 human simulacra
  A hippogriff (shapeshifter) (Depths:5)
  19 spriggans
  4 shadows
  An ice dragon skeleton (Vaults:1)
  2 redbacks (Vaults:2)
  A wyvern (shapeshifter) (Vaults:2)
  5 basilisks
  A wraith (D:10)
  21 yaks
  7 water elementals
  2 hogs (shapeshifter)
  A human (shapeshifter) (Vaults:4)
  5 hogs
  A wyvern (D:13)
  Eustachio (D:4)
  A human (D:7)
  A fire bat (shapeshifter) (D:13)
  A steam dragon (D:10)
  4 golden eyes (Depths:3)
  A hungry ghost (D:7)
  5 wargs
  7 vampire mosquitoes
  A golden eye (shapeshifter) (Vaults:1)
  A neqoxec (D:13)
  12 swamp worms
  An acid dragon (D:15)
  46 nagas
  9 insubstantial wisps
  11 water moccasins
  A deep troll skeleton (Vaults:4)
  2 sky beasts
  10 porcupines
  48 orc warriors
  12 swamp drakes
  4 black bears (Lair:6)
  11 ice beasts
  3 phantoms
  22 wolves
  36 ogres
  An ice beast (shapeshifter) (D:13)
  16 boggarts
  32 centaurs
  14 crocodiles
  A big kobold (shapeshifter) (D:13)
  Blork the orc (D:4)
  A big kobold (D:7)
  4 wyvern zombies
  25 bullfrogs
  A scorpion (shapeshifter) (D:13)
  A wyvern skeleton (D:11)
  A hornet simulacrum (D:15)
  3 scorpions
  53 killer bees
  10 electric eels
  2 howler monkeys
  3 crimson imps
  11 centaur zombies
  16 orc priests
  Crazy Yiuf (D:7)
  7 centaur skeletons
  5 hounds
  8 jellies
  3 bullfrog skeletons
  4 iguanas
  24 orc wizards
  Jessica (D:3)
  Natasha (thrice) (D:2)
  11 worker ants
  A hound zombie (D:9)
  6 gnolls
  8 adders
  3 shadow imps
  13 oozes (D:7)
  2 adder zombies
  3 worms
  A dart slug (D:1)
  4 leopard geckos
  108 orcs
  11 goblins
  15 hobgoblins
  4 jackals
  4 quokkas
  2 ball pythons
  5 bats
  7 frilled lizards
  12 kobolds
  A leopard gecko skeleton (D:4)
  4 rats
  A briar patch (Swamp:4)
  A crawling corpse (Vaults:5)
  10 fungi
  3 plants
1823 creatures vanquished.

Vanquished Creatures (collateral kills)
  Saint Roka (Snake:3)
  A curse toe (Zot:1)
  A storm dragon (Vaults:5)
  A nagaraja (Snake:4)
  A draconian monk (Zot:1)
  2 deep elf sorcerers (Depths:3)
  A cacodemon (D:13)
  An iron dragon (Vaults:5)
  2 vault wardens
  A very ugly thing (D:13)
  2 vampire knights (Depths:3)
  An entropy weaver (Vaults:2)
  A green draconian (Zot:1)
  3 deep elf demonologists
  An ettin (Orc:1)
  A crystal guardian (Vaults:5)
  A yaktaur captain (Vaults:3)
  A ghost crab (Swamp:4)
  The ghost of WaifuGate the Grappler, a journeyman VSBe of Trog (D:13)
  6 hydras
  An ogre mage (Depths:3)
  4 two-headed ogres (Vaults:2)
  An orc high priest (Orc:2)
  A naga ritualist (Snake:4)
  3 glowing orange brains
  A swamp dragon (Swamp:4)
  A deep elf archer (Depths:4)
  2 shambling mangroves
  2 ironbrand convokers
  2 harpies (Vaults:3)
  A necromancer (Vaults:1)
  2 orc knights
  2 orc sorcerers
  2 deep elf magi
  7 ugly things
  A moth of wrath (Zot:1)
  2 slime creatures (Swamp:4)
  A water nymph (shapeshifter) (Vaults:3)
  2 vault sentinels (Vaults:2)
  A torpor snail (Lair:2)
  A black mamba (Snake:4)
  2 spiny frogs
  3 naga magi (Snake:4)
  A yaktaur (shapeshifter) (D:13)
  8 yaktaurs
  A tyrant leech (Swamp:1)
  A bog body (Swamp:1)
  3 hornets
  3 spriggans
  2 redbacks (Vaults:2)
  10 yaks (Lair:2)
  A golden eye (Depths:3)
  A neqoxec (D:13)
  A vampire mosquito (Swamp:4)
  3 nagas (Snake:4)
  A warg (Orc:2)
  2 swamp worms (Swamp:4)
  2 water moccasins
  A water moccasin (shapeshifter) (D:13)
  2 swamp drakes (Swamp:4)
  6 orc warriors
  3 ogres
  2 boggarts (Vaults:2)
  A bullfrog (Lair:2)
  3 orc wizards
  14 orcs
147 creatures vanquished.

Vanquished Creatures (others)
  A spriggan druid (Swamp:4)
  A guardian serpent (Snake:4)
  A spiny frog (Swamp:4)
  A hornet (Swamp:4)
  A water elemental (D:15)
  A human (D:15)
  A hound (D:9)
  An iguana (Lair:3)
  2 adders
  4 orcs (D:3)
  26 fungi
  9 plants
49 creatures vanquished.

Grand Total: 2019 creatures vanquished

Notes
Turn   | Place    | Note
-------+----------+-------------------------------------------
     0 | D:1      | wongsatang the Minotaur Berserker began the quest for the
                  | Orb.
     0 | D:1      | Reached XP level 1. HP: 19/19 MP: 0/0
   136 | D:1      | Reached XP level 2. HP: 26/27 MP: 1/1
   418 | D:1      | Reached skill level 4 in Axes
   881 | D:2      | Noticed Natasha
   885 | D:2      | Killed Natasha
   885 | D:2      | Reached XP level 3. HP: 34/34 MP: 2/2
   909 | D:2      | Reached ** piety under Trog
   935 | D:2      | Reached XP level 4. HP: 34/41 MP: 3/3
   948 | D:2      | Reached skill level 5 in Axes
  1266 | D:2      | Noticed Natasha
  1280 | D:2      | Killed Natasha
  1460 | D:2      | Reached XP level 5. HP: 45/47 MP: 4/4
  1927 | D:2      | Noticed Natasha
  1935 | D:2      | Killed Natasha
  1935 | D:2      | Reached skill level 5 in Fighting
  2125 | D:3      | Noticed Jessica
  2136 | D:3      | Killed Jessica
  2288 | D:3      | Reached skill level 1 in Maces & Flails
  2572 | D:3      | Reached XP level 6. HP: 53/56 MP: 5/5
  3272 | D:4      | Reached *** piety under Trog
  3348 | D:4      | Noticed Blork the orc
  3349 | D:4      | Found a staircase to the Ecumenical Temple.
  3361 | D:4      | Killed Blork the orc
  3454 | D:4      | Found a glowing silver altar of Zin.
  3454 | D:4      | Found a snail-covered altar of Cheibriados.
  3479 | D:4      | Found Zostaopu's Weapon Shoppe.
  3551 | D:4      | Noticed Eustachio
  3560 | D:4      | Killed Eustachio
  3560 | D:4      | Reached skill level 1 in Shields
  3560 | D:4      | Reached XP level 7. HP: 63/63 MP: 6/6
  3901 | D:5      | Entered Level 5 of the Dungeon
  4218 | D:5      | Reached skill level 6 in Axes
  4218 | D:5      | Reached skill level 5 in Maces & Flails
  4218 | D:5      | Reached skill level 5 in Armour
  4294 | D:5      | Reached XP level 8. HP: 33/71 MP: 7/7
  4579 | D:5      | Found a stormy altar of Qazlal.
  5376 | D:6      | You fall through a shaft!
  5384 | D:7      | Reached skill level 7 in Axes
  5409 | D:7      | Reached skill level 1 in Stealth
  5422 | D:7      | Reached **** piety under Trog
  5440 | D:7      | Reached skill level 8 in Axes
  5728 | D:7      | Noticed a slime creature
  5739 | D:7      | Reached XP level 9. HP: 79/79 MP: 8/8
  5774 | D:7      | Gained mutation: You are weak. (Str -2) [potion of
                  | mutation]
  5774 | D:7      | Gained mutation: You tend to lose your temper in combat.
                  | [potion of mutation]
  5774 | D:7      | Lost mutation: You tend to lose your temper in combat.
                  | [potion of mutation]
  5774 | D:7      | Gained mutation: You are agile. (Dex +2) [potion of
                  | mutation]
  5805 | D:7      | Reached skill level 9 in Axes
  5836 | D:7      | Reached ***** piety under Trog
  6019 | D:7      | Found a runed door.
  6023 | D:7      | Noticed Crazy Yiuf
  6026 | D:7      | Killed Crazy Yiuf
  6026 | D:7      | Reached skill level 10 in Axes
  6254 | D:7      | Found a basalt altar of Yredelemnul.
  6263 | D:7      | Found a deep blue altar of Sif Muna.
  6263 | D:7      | Found a stormy altar of Qazlal.
  6264 | D:7      | Found a shattered altar of Ashenzari.
  6264 | D:7      | Found an iron altar of Okawaru.
  6266 | D:7      | Found a bloodstained altar of Trog.
  6268 | D:7      | Found an ornate altar of the Wu Jian Council.
  6479 | D:7      | Reached skill level 11 in Axes
  6630 | D:8      | Noticed a wizard
  6630 | D:8      | Noticed a wizard
  6655 | D:8      | Killed a wizard
  6655 | D:8      | Reached XP level 10. HP: 86/88 MP: 9/9
  6663 | D:8      | Killed a wizard
  6663 | D:8      | Reached skill level 1 in Throwing
  6768 | D:8      | Got a steaming bone ring
  6794 | D:8      | Identified the ring "Cuosunys" {Str+5 Int+2 SInv} (You
                  | found it on level 8 of the Dungeon)
  6863 | D:8      | Reached skill level 12 in Axes
  6897 | D:8      | Found a roughly hewn altar of Beogh.
  7515 | D:9      | Found a shimmering altar of Xom.
  7515 | D:9      | Found a faded altar of an unknown god.
  7520 | D:9      | Found an opulent altar of Gozag.
  7522 | D:9      | Found a faded altar of an unknown god.
  7524 | D:9      | Found a sparkling altar of Nemelex Xobeh.
  7607 | D:9      | Noticed Maurice
  7633 | D:9      | Killed Maurice
  7755 | D:9      | Noticed a two-headed ogre
  7762 | D:9      | Killed a two-headed ogre
  7762 | D:9      | Reached skill level 13 in Axes
  7926 | D:9      | Found Tast's Assorted Antiques.
  7930 | D:9      | Bought a potion of heal wounds for 135 gold pieces
  8373 | D:10     | Entered Level 10 of the Dungeon
  8397 | D:10     | Reached skill level 5 in Shields
  8397 | D:10     | Reached XP level 11. HP: 95/97 MP: 10/10
  8573 | D:10     | Reached skill level 14 in Axes
  8632 | D:10     | Noticed a two-headed ogre
  8638 | D:10     | Killed a two-headed ogre
  8934 | D:11     | Reached ****** piety under Trog
  9044 | D:11     | Reached skill level 15 in Axes
  9159 | D:11     | Found a staircase to the Lair.
  9165 | D:11     | Received a gift from Trog
  9382 | D:11     | Reached skill level 10 in Fighting
  9876 | D:11     | Found a staircase to the Orcish Mines.
  9909 | D:11     | Reached skill level 1 in Long Blades
 10015 | Lair:1   | Entered Level 1 of the Lair of Beasts
 11178 | Lair:1   | Noticed a seven-headed hydra
 11184 | Lair:1   | Killed a seven-headed hydra
 11184 | Lair:1   | Reached XP level 12. HP: 82/107 MP: 11/11
 12907 | Lair:2   | Reached skill level 10 in Armour
 13794 | Lair:3   | Found a staircase to the Snake Pit.
 14021 | Lair:3   | Found a staircase to the Swamp.
 14055 | Lair:3   | Found a runed door.
 14055 | Lair:3   | Noticed Achayxed's ghost (journeyman MiFi)
 14183 | Lair:3   | Noticed Urug
 14203 | Lair:3   | Killed Urug
 14392 | Lair:3   | Killed Achayxed's ghost
 14604 | Lair:3   | Received a gift from Trog
 14628 | Lair:3   | Reached skill level 16 in Axes
 14983 | Lair:4   | Identified a scroll of acquirement
 14986 | Lair:4   | Got a heavily runed golden amulet
 14987 | Lair:4   | Identified the amulet "Pufuruur" {Spirit +Fly rN+ Dex+2
                  | SInv} (You acquired it on level 4 of the Lair of Beasts)
 15406 | Lair:4   | Noticed a four-headed hydra
 15417 | Lair:4   | Killed a four-headed hydra
 15677 | Lair:4   | Noticed a four-headed hydra
 15688 | Lair:4   | Killed a four-headed hydra
 15688 | Lair:4   | Reached XP level 13. HP: 90/116 MP: 8/12
 16816 | D:12     | Found a runed door.
 16819 | D:12     | Noticed olmar's ghost (journeyman MiFi)
 16841 | D:12     | Killed olmar's ghost
 17209 | D:12     | Reached skill level 17 in Axes
 17675 | D:12     | Received a gift from Trog
 18027 | Lair:6   | Entered Level 6 of the Lair of Beasts
 18217 | Lair:6   | Found a frozen archway.
 18331 | Lair:6   | Paralysed by a hornet for 1 turns
 18582 | Lair:6   | Received a gift from Trog
 18600 | Lair:6   | Reached skill level 18 in Axes
 18630 | Lair:6   | Reached XP level 14. HP: 60/129 MP: 11/13
 19082 | Lair:6   | Found a viscous altar of Jiyva.
 19082 | Lair:6   | Found a staircase to the Slime Pits.
 19909 | Orc:1    | Entered Level 1 of the Orcish Mines
 19909 | Orc:1    | Found Vurgha's Food Shop.
 19909 | Orc:1    | Found Zaqyim's Armour Shop.
 20148 | Orc:1    | Bought a +0 pair of boots for 63 gold pieces
 20186 | Orc:1    | Found Keproaty's Gadget Boutique.
 20350 | Orc:1    | Reached skill level 10 in Shields
 20363 | Orc:1    | Found Oma Ytek's Weapon Shop.
 20445 | Orc:1    | Found Jympuunn's Jewellery Boutique.
 20665 | Orc:2    | Entered Level 2 of the Orcish Mines
 20869 | Orc:2    | Found Xiatril's Antique Weapon Emporium.
 21041 | Orc:2    | Found a roughly hewn altar of Beogh.
 21058 | Orc:2    | Found Hecid's General Store.
 21059 | Orc:2    | Noticed Donald
 21076 | Orc:2    | Received a gift from Trog
 21087 | Orc:2    | Killed Donald
 21359 | Orc:2    | Found a staircase to the Elven Halls.
 21613 | Orc:2    | Found Xowing's Jewellery Emporium.
 21689 | Orc:2    | Found Seofem's Antique Armour Boutique.
 21820 | Orc:2    | Noticed an orc warlord
 21833 | Orc:2    | Killed an orc warlord
 22117 | D:13     | Reached skill level 19 in Axes
 22268 | D:13     | Noticed a ghoul
 22287 | D:13     | Killed a ghoul
 22287 | D:13     | Reached XP level 15. HP: 107/139 MP: 11/14
 22453 | D:13     | Found Wouzuo's General Store.
 22470 | D:13     | Bought a scroll of identify for 34 gold pieces
 22657 | D:13     | Found a runed gate.
 22658 | D:13     | Found a runed gate.
 22658 | D:13     | Found a runed gate.
 22695 | D:13     | Received a gift from Trog
 22696 | D:13     | Found a runed gate.
 22696 | D:13     | Found a runed gate.
 22700 | D:13     | Found a runed gate.
 22721 | D:13     | Noticed WaifuGate's ghost (journeyman VSBe)
 22732 | D:13     | Killed WaifuGate's ghost
 22969 | D:14     | Reached skill level 15 in Fighting
 23148 | D:14     | Found a gate to the Vaults.
 23540 | D:14     | Got a scorched wooden ring
 23689 | D:14     | Found a roughly hewn altar of Beogh.
 23914 | D:15     | Entered Level 15 of the Dungeon
 24082 | D:15     | Received a gift from Trog
 24521 | D:15     | Noticed Louise
 24543 | D:15     | Killed Louise
 24909 | D:15     | Noticed Kirke
 24923 | D:15     | Killed Kirke
 24978 | D:15     | Reached skill level 5 in Dodging
 24996 | D:15     | Found a staircase to the Depths.
 25130 | D:15     | Identified the ring "Luetuala" {Ice rElec rPois Str+4
                  | Dex-5} (You found it on level 14 of the Dungeon)
 25453 | Swamp:1  | Entered Level 1 of the Swamp
 25487 | Swamp:1  | Reached XP level 16. HP: 91/151 MP: 9/15
 25550 | Swamp:1  | Received a gift from Trog
 25599 | Swamp:1  | Found a shadowy altar of Dithmenos.
 25644 | Swamp:1  | Got a bloodstained chain mail
 26008 | Swamp:1  | Reached skill level 20 in Axes
 26180 | Swamp:1  | Found a sacrificial altar of Ru.
 26722 | Swamp:2  | Paralysed by a hornet for 1 turns
 28017 | Swamp:4  | Entered Level 4 of the Swamp
 29196 | Swamp:4  | Reached skill level 15 in Shields
 29284 | Swamp:4  | Noticed a thorn hunter
 29298 | Swamp:4  | Killed a thorn hunter
 29397 | Swamp:4  | Noticed a thorn hunter
 29413 | Swamp:4  | Killed a thorn hunter
 29460 | Swamp:4  | Noticed a thorn hunter
 29466 | Swamp:4  | Received a gift from Trog
 29477 | Swamp:4  | Killed a thorn hunter
 29477 | Swamp:4  | Reached XP level 17. HP: 72/161 MP: 8/16
 29734 | Swamp:4  | Got a decaying rune of Zot
 30273 | Snake:1  | Entered Level 1 of the Snake Pit
 31151 | Snake:1  | Found a stormy altar of Qazlal.
 32311 | Snake:2  | Found a runed gate.
 32313 | Snake:2  | Found a runed gate.
 32313 | Snake:2  | Found a runed gate.
 32533 | Snake:2  | Noticed XxsatanxX's ghost (adept MiBe)
 32603 | Snake:2  | Killed XxsatanxX's ghost
 32806 | Snake:2  | Reached skill level 1 in Evocations
 33735 | Snake:3  | Received a gift from Trog
 33977 | Snake:3  | Noticed Agnes
 33985 | Snake:3  | Killed Agnes
 33985 | Snake:3  | Reached skill level 21 in Axes
 34319 | Snake:3  | Noticed Saint Roka
 34338 | Snake:3  | Received a gift from Trog
 34385 | Snake:3  | Killed Saint Roka
 35052 | Snake:4  | Entered Level 4 of the Snake Pit
 35379 | Snake:4  | Received a gift from Trog
 35524 | Snake:4  | Reached skill level 15 in Armour
 35536 | Snake:4  | Reached XP level 18. HP: 155/172 MP: 14/17
 36849 | Snake:4  | Got a serpentine rune of Zot
 37214 | Vaults:1 | Entered Level 1 of the Vaults
 37816 | Vaults:1 | Received a gift from Trog
 38118 | Vaults:1 | Found Gozag's Assorted Antiques.
 38132 | Vaults:1 | Found an opulent altar of Gozag.
 38218 | Vaults:1 | Found Gozag's Assorted Antiques.
 38305 | Vaults:1 | Found Gozag's Assorted Antiques.
 38756 | Vaults:1 | Reached XP level 19. HP: 178/183 MP: 16/18
 38757 | Vaults:1 | Reached skill level 22 in Axes
 38906 | Vaults:1 | Got a blackened scimitar
 39205 | Vaults:2 | Received a gift from Trog
 39744 | Vaults:2 | Received a gift from Trog
 40917 | Vaults:3 | Found Odanamar's Food Boutique.
 41018 | Vaults:3 | Found a staircase to the Crypt.
 41018 | Vaults:3 | Found a basalt altar of Yredelemnul.
 41019 | Vaults:3 | Found an ancient bone altar of Kikubaaqudgha.
 41605 | Vaults:3 | Received a gift from Trog
 42120 | Vaults:3 | Reached XP level 20. HP: 182/195 MP: 17/19
 42124 | Vaults:3 | Reached skill level 23 in Axes
 43079 | Vaults:4 | Received a gift from Trog
 44170 | Depths:1 | Entered Level 1 of the Depths
 44294 | Depths:1 | Found a gateway to a ziggurat.
 44862 | Depths:1 | Found a gateway to Hell.
 45722 | Depths:2 | Noticed a golden dragon
 45722 | Depths:2 | an acid blob changed into a golden dragon
 45731 | Depths:2 | Killed a golden dragon
 45972 | Depths:2 | Got a jewelled hand axe
 45973 | Depths:2 | Identified the +4 hand axe "Jellyslayer" {pain, +Blink
                  | Dex-4 SInv} (You found it on level 2 of the Depths)
 46050 | Depths:2 | Received a gift from Trog
 46197 | Depths:2 | Reached XP level 21. HP: 160/205 MP: 18/20
 46549 | Depths:2 | Reached skill level 24 in Axes
 46754 | Depths:2 | Got a faintly humming plate armour
 46765 | Depths:2 | Identified the +7 plate armour of Wovipo {*Contam +Blink
                  | rN+ Slay+2} (You found it on level 2 of the Depths)
 47227 | Depths:3 | Found a one-way gate leading to the halls of Pandemonium.
 47321 | Depths:3 | Noticed Frederick
 47337 | Depths:3 | Killed Frederick
 47339 | Depths:3 | Received a gift from Trog
 47378 | Depths:3 | Identified Peraebeg's Almanac of Calling and Air
 47581 | Depths:3 | Found a one-way gate to the infinite horrors of the Abyss.
 47796 | Depths:3 | Noticed Jory
 47819 | Depths:3 | Killed Jory
 47995 | Depths:3 | Found a transporter.
 47998 | Depths:3 | Found a viscous altar of Jiyva.
 48002 | Depths:3 | Found a transporter.
 48530 | Vaults:5 | Entered Level 5 of the Vaults
 48538 | Vaults:5 | Received a gift from Trog
 48627 | Vaults:5 | Reached XP level 22. HP: 158/217 MP: 18/21
 49226 | Vaults:5 | Received a gift from Trog
 49259 | Vaults:5 | Noticed a golden dragon
 49272 | Vaults:5 | Killed a golden dragon
 49643 | Vaults:5 | Reached skill level 25 in Axes
 49826 | Vaults:5 | Noticed a golden dragon
 49847 | Vaults:5 | Killed a golden dragon
 50009 | Vaults:5 | Received a gift from Trog
 50057 | Vaults:5 | Got a wavering wooden ring
 50268 | Vaults:5 | Got an ancient bone ring
 50272 | Vaults:5 | Identified the cursed ring of Arrival {MR+ AC-3 Int+2 Dex+2
                  | Slay+3} (You took it off a tengu reaver on level 5 of the
                  | Vaults)
 50274 | Vaults:5 | Identified the ring "Afrumm" {rElec AC+5} (You took it off
                  | a vault sentinel on level 5 of the Vaults)
 50420 | Vaults:5 | Got an encrusted shield
 50427 | Vaults:5 | Identified the +3 shield of Xitukat {+Inv Dex+3 Stlth+}
                  | (You found it on level 5 of the Vaults)
 51700 | Vaults:5 | Got a pair of faintly glowing boots
 51717 | Vaults:5 | Got a silver rune of Zot
 51737 | Vaults:5 | Identified the -1 pair of boots of Gesameuf {rCorr Str-3
                  | Slay+6} (You found it on level 5 of the Vaults)
 52658 | Depths:4 | Reached XP level 23. HP: 192/228 MP: 21/23
 52675 | Depths:4 | Received a gift from Trog
 53047 | Depths:4 | Found a portal to a secret trove of treasure.
 53289 | Orc:1    | Bought the +8 crystal plate armour of the Enchanted Forest
                  | {+Inv rC+ Str+4 Stlth-} for 1834 gold pieces
 53551 | Depths:4 | You paid a toll of the crystal plate armour of the
                  | Enchanted Forest to enter a treasure trove
 53552 | Trove    | Entered a treasure trove
 53559 | Trove    | Got a coiled bronze ring
 53569 | Trove    | Got a vibrating brass ring
 53587 | Trove    | Identified the ring "Paurghia" {*Corrode rN+ MR+ Dex+3}
                  | (You found it in a treasure trove)
 53596 | Trove    | Got a crude bone ring
 53597 | Trove    | Identified the ring of Payviogi {Ice Slay+3} (You found it
                  | in a treasure trove)
 53601 | Trove    | Got a fine steel amulet
 53603 | Trove    | Identified the amulet "Osongiuz" {Harm *Drain Int+3} (You
                  | found it in a treasure trove)
 53628 | Trove    | Identified the ring "Toodib" {rF+ AC+5 Str+3} (You found it
                  | in a treasure trove)
 53644 | Trove    | Got a crude iron amulet
 53648 | Trove    | Got a steaming jade ring
 53652 | Trove    | Identified the amulet "Kojunio" {Harm -Tele *Drain rF+
                  | Dex+3} (You found it in a treasure trove)
 53659 | Trove    | Identified the ring "Xaloegro" {rElec rC+ rN+ Int+2 Dex+3}
                  | (You found it in a treasure trove)
 55065 | Depths:5 | Entered Level 5 of the Depths
 55066 | Depths:5 | Noticed a caustic shrike
 55078 | Depths:5 | Killed a caustic shrike
 55319 | Depths:5 | Noticed the Enchantress
 55342 | Depths:5 | Killed the Enchantress
 55374 | Depths:5 | Got faerie dragon scales
 55426 | Depths:5 | Found a gate to the Realm of Zot.
 55453 | Depths:5 | Reached skill level 26 in Axes
 55775 | Depths:5 | Found Jejurch Yczoi's Jewellery Boutique.
 55777 | Depths:5 | Found Eseoz's Gadget Emporium.
 55786 | Depths:5 | Found Xatz's Jewellery Boutique.
 56225 | Depths:5 | Gained mutation: Your magical capacity is low. (-10% MP)
                  | [mutagenic glow]
 56297 | Zot:1    | Entered Level 1 of the Realm of Zot
 56506 | Zot:1    | Noticed an orb of fire
 56516 | Zot:1    | Gained mutation: Your spells are a little easier to cast,
                  | but a little less powerful. [an orb of fire]
 56524 | Zot:1    | Gained mutation: Potions are less effective at restoring
                  | your health. [an orb of fire]
 56529 | Zot:1    | Killed an orb of fire
 57289 | Zot:1    | Noticed a curse toe
 57305 | Zot:1    | Killed a curse toe
 57868 | Zot:1    | Reached XP level 24. HP: 220/240 MP: 19/21
 60229 | Zot:2    | Noticed an orb of fire
 60235 | Zot:2    | Killed from afar by an orb of fire

Skill      XL: |  1  2  3  4  5  6  7  8  9 10 11 12 13 14 15 16 17 18 19 20 21 22 23 24 |
---------------+-------------------------------------------------------------------------+-----
Fighting       | 4 5 6 7 9 10 11 13 14 16 17 18 19 20 21 22 23 24 25 | 25.1
Axes           | 4 5 6 8 11 13 15 16 18 19 20 21 22 23 24 25 26 | 26.8
Armour         | 3 4 5 6 8 9 11 12 13 14 15 16 17 18 | 18.4
Maces & Flails | 1 3 5 6 7 |  7.6
Dodging        | 3 4 5 6 7 |  7.8
Shields        | 1 3 4 5 7 8 9 11 13 15 16 18 19 20 21 22 23 24 | 24.4
Stealth        | 1 2 3 4 |  4.0
Throwing       | 2 |  2.6
Long Blades    | 2 4 |  4.2
Evocations     | 1 2 |  2.0

Action                   |  1- 3 |  4- 6 |  7- 9 | 10-12 | 13-15 | 16-18 | 19-21 | 22-24 || total
-------------------------+-------+-------+-------+-------+-------+-------+-------+-------++-------
Melee: Hand axe          |    48 |    70 |       |       |       |       |       |       ||   118
       Headbutt          |     7 |    38 |    41 |   172 |   272 |   410 |   406 |   388 ||  1734
       Flail             |       |    71 |       |    14 |     8 |       |       |       ||    93
       Mace              |       |    11 |    45 |       |       |       |       |       ||    56
       Broad axe         |       |       |   185 |   425 |  1013 |  1262 |  1200 |  1052 ||  5137
       Falchion          |       |       |       |   267 |       |       |       |       ||   267
       Eveningstar       |       |       |       |       |     6 |    52 |       |       ||    58
Throw: Tomahawk          |       |     4 |    10 |    14 |       |       |       |       ||    28
Invok: Berserk           |     1 |     3 |       |     1 |     2 |     5 |     4 |     6 ||    22
       Brothers in Arms  |       |       |       |     4 |    10 |    12 |    10 |    15 ||    51
       Trog's Hand       |       |       |       |       |     1 |     8 |     4 |     2 ||    15
 Abil: Evoke Flight      |       |       |       |       |       |     2 |       |       ||     2
       Evoke Blink       |       |       |       |       |       |       |       |     1 ||     1
Evoke: Wand              |       |       |       |     1 |       |     1 |       |       ||     2
       Phial of floods   |       |       |       |       |       |       |     1 |     1 ||     2
  Use: Scroll            |     3 |     5 |     3 |    15 |    18 |     7 |     5 |    15 ||    71
       Potion            |       |     4 |     2 |     8 |     2 |    12 |       |    15 ||    43
 Stab: Distracted        |       |       |       |       |     6 |     1 |     1 |       ||     8
       Sleeping          |       |       |       |       |       |     1 |       |       ||     1
  Eat: Chunk             |       |    11 |     5 |    22 |    26 |    24 |    27 |    28 ||   143
       Ration            |       |       |     2 |     3 |     4 |     8 |     4 |     6 ||    27
Armor: Animal skin       |     7 |       |       |       |       |       |       |       ||     7
       Chain mail        |    11 |    49 |    44 |    15 |       |    10 |       |       ||   129
       Leather armour    |       |     5 |       |       |       |       |       |       ||     5
       Scale mail        |       |     7 |    13 |       |       |       |       |       ||    20
       Plate armour      |       |       |     3 |   266 |   247 |   210 |   244 |   193 ||  1163
       Swamp dragon scal |       |       |       |       |       |    68 |       |       ||    68
       Skin              |       |       |       |       |       |     5 |       |       ||     5
Dodge: Dodged            |    29 |    59 |    63 |   232 |   240 |   228 |   143 |   137 ||  1131
Block: Buckler           |       |    16 |     3 |       |       |       |       |       ||    19
       Shield            |       |       |    63 |   326 |   454 |       |       |       ||   843
       Large shield      |       |       |       |       |    52 |  1137 |   856 |   739 ||  2784
       Rpst.: Falchion   |       |       |       |    23 |       |       |       |       ||    23
